 Dungeon Crawl Stone Soup version 0.23.0 (webtiles) character file.

Game seed: 3736852233205811830

1338 Borgoz the Slicer (level 8, -1/51 HPs)
             Began as a Kobold Monk on Feb 16, 2019.
             Was a Believer of Ashenzari.
             Slain by an ice beast (6 damage)
             ... on level 4 of the Dungeon.
             The game lasted 00:16:03 (7036 turns).

Borgoz the Slicer (Kobold Monk)                     Turns: 7036, Time: 00:16:04

Health: -1/51      AC: 16    Str:  9    XL:     8   Next: 93%
Magic:  8/8        EV:  8    Int: 12    God:    Ashenzari [**....]
Gold:   260        SH:  0    Dex: 18    Spells: 7/7 levels left

rFire    . . .     SeeInvis .   p - +3 dagger (vamp) (curse)
rCold    . . .     Gourm    .   (shield restricted)
rNeg     + . .     Faith    .   j - +1 chain mail {MR+}
rPois    .         Spirit   .   d - +2 helmet
rElec    .         Reflect  .   e - +0 cloak
rCorr    .         Harm     .   f - +2 pair of gloves
MR       +....                  (no boots)
Stlth    +.........             (no amulet)
HPRegen  0.17/turn              (no ring)
MPRegen  0.11/turn              q - ring of positive energy

@: no status effects
A: small, carnivore
a: Curse Item, Scrying, Renounce Religion


You were on level 4 of the Dungeon.
You worshipped Ashenzari.
Ashenzari was pleased with you.
You were very full.

You visited 2 branches of the dungeon, and saw 7 of its levels.

You collected 260 gold pieces.

Inventory:

Hand Weapons
 p - a cursed +3 vampiric dagger (weapon)
 x - a +0 blowgun
Missiles
 s - a throwing net (quivered)
 y - 7 poisoned needles
Armour
 d - a +2 helmet (worn)
 e - a +0 cloak (worn)
 f - a +2 pair of gloves (worn)
 j - a +1 chain mail of magic resistance (worn)
Jewellery
 q - a ring of positive energy (right hand)
Wands
 k - a wand of polymorph (8)
Scrolls
 b - 2 scrolls of identify
 g - a scroll of enchant weapon
 h - 3 scrolls of teleportation
 i - a scroll of amnesia
 l - 2 scrolls of remove curse
Potions
 a - a potion of magic
 m - a potion of mutation
 o - a potion of might
 u - a potion of degeneration
Comestibles
 c - 16 rations


   Skills:
 + Level 6.0 Fighting
 + Level 8.1(10.4) Short Blades
 + Level 1.5 Armour
 + Level 7.0 Dodging
 + Level 7.3 Stealth


You had 7 spell levels left.
You didn't know any spells.
Your spell library contained the following spells:

 Spells                   Type           Power        Failure   Level  Hunger
 Confusing Touch          Hex            #.....       100%        1    ##.....
 Confuse                  Hex            #.......     100%        3    ####...
 Gell's Gravitas          Tloc           #.........   100%        3    ####...
 Petrify                  Tmut/Erth      #.......     100%        4    #####..
 Metabolic Englaciation   Hex/Ice        #.........   100%        5    ######.
 Yara's Violent Unravell  Hex/Tmut       #.........   100%        5    ######.


Dungeon Overview and Level Annotations

Branches:
Dungeon (6/15)             Temple (1/1) D:4

Altars:
Ashenzari
Cheibriados
Dithmenos
Elyvilon
Fedhas
Gozag
Hepliaklqana
Makhleb
Nemelex Xobeh
Qazlal
Ru
Sif Muna
Trog
Vehumet
Wu Jian
Xom
Yredelemnul
Zin
The Shining One


Innate Abilities, Weirdness & Mutations

You are small and have problems with some larger weapons.
You are carnivorous and can eat meat at any time.


Message History

Things that are here:
a +0 scale mail; a +0 hand axe You float gracefully downwards.
There is a stone staircase leading up here.
The ice beast hits you but does no damage.
You climb upwards.
There is a stone staircase leading down here.
Your chain mail prevents you from hitting the ice beast.
The ice beast hits you but does no damage.
You hit the ice beast but do no damage. You hit the ice beast.
You feel better.
The ice beast is lightly wounded.
The ice beast hits you.
* * * LOW HITPOINT WARNING * * *
The ice beast freezes you.
* * * LOW HITPOINT WARNING * * *
The ice beast hits you.
* * * LOW HITPOINT WARNING * * *
The ice beast freezes you.
You die...

#.## ######.<......## ...##
##..............### ....##
#####.................#
.....###............#<..##...##
#...##.............###..#.....##
##...#.....#.......##..........##
#)...##...##....##...............
##.........##..............#.....
#..............@.#........##....
##........#.#.##Y......#...##...
##....##..#...##...........###..
##.............##..###...........
...........((..###.....#...<.....
.........##.#..###.....#.........
#.........(≈≈≈≈≈#..)...##........
#......#.##≈###≈#.......#(###.###
###.........'_+...##........#.##.


You could see an ice beast.

Vanquished Creatures
  Sigmund (D:5)
  Menkaure (D:5)
  A water moccasin (D:4)
  An ice beast (D:5)
  A sky beast (D:5)
  2 scorpions
  A howler monkey (D:5)
  A crimson imp (D:5)
  A centaur zombie (D:5)
  A quasit (D:4)
  2 hounds
  3 orc priests
  An orc wizard (D:3)
  Natasha (thrice) (D:2)
  A worker ant (D:4)
  4 gnolls
  8 adders
  2 shadow imps (D:5)
  An ooze (D:1)
  A worm (D:4)
  3 dart slugs
  4 leopard geckos
  26 orcs
  A bat (D:3)
  5 giant cockroaches
  14 goblins
  13 hobgoblins
  4 jackals (D:5)
  A quokka (D:5)
  2 frilled lizards (D:2)
  A jackal skeleton (D:4)
  11 kobolds
  9 rats
131 creatures vanquished.

Notes
Turn   | Place    | Note
-------+----------+-------------------------------------------
     0 | D:1      | Borgoz the Kobold Monk began the quest for the Orb.
     0 | D:1      | Reached XP level 1. HP: 14/14 MP: 1/1
   224 | D:1      | Reached XP level 2. HP: 19/19 MP: 2/2
   495 | D:1      | Reached XP level 3. HP: 23/23 MP: 3/3
  1033 | D:2      | Reached skill level 5 in Short Blades
  1033 | D:2      | Reached XP level 4. HP: 24/29 MP: 4/4
  1425 | D:2      | Noticed Natasha
  1434 | D:2      | Killed Natasha
  1577 | D:2      | Noticed Natasha
  1587 | D:2      | Killed Natasha
  1587 | D:2      | Reached XP level 5. HP: 33/33 MP: 5/5
  1708 | D:2      | Noticed Natasha
  1733 | D:2      | Killed Natasha
  1948 | D:3      | Found a stormy altar of Qazlal.
  2244 | D:3      | Found a blossoming altar of Fedhas.
  3168 | D:4      | Reached skill level 6 in Short Blades
  3168 | D:4      | Reached XP level 6. HP: 24/38 MP: 6/6
  3324 | D:4      | Found a staircase to the Ecumenical Temple.
  3410 | D:4      | Reached skill level 5 in Dodging
  3617 | D:4      | Reached skill level 5 in Stealth
  3673 | D:4      | Noticed an ogre
  3677 | D:4      | Noticed a water moccasin
  3677 | D:4      | an ogre changed into a water moccasin
  3696 | D:4      | Killed a water moccasin
  3696 | D:4      | Reached XP level 7. HP: 43/44 MP: 7/7
  3991 | D:5      | Entered Level 5 of the Dungeon
  4338 | D:5      | Noticed Sigmund
  4446 | D:5      | Reached skill level 5 in Fighting
  4446 | D:5      | Reached skill level 7 in Short Blades
  4593 | D:5      | Reached XP level 8. HP: 38/49 MP: 8/8
  4610 | D:5      | HP: 2/49 [orc/+0 mace (6)]
  4924 | D:4      | Found a burning altar of Makhleb.
  5383 | Temple   | Entered the Ecumenical Temple
  5646 | Temple   | Became a worshipper of Ashenzari the Shackled
  5646 | Temple   | Reached * piety under Ashenzari
  5646 | Temple   | Reached ** piety under Ashenzari
  6227 | D:5      | Found a radiant altar of Vehumet.
  6229 | D:5      | Found a shimmering altar of Xom.
  6385 | D:5      | Killed Sigmund
  6385 | D:5      | Reached skill level 1 in Armour
  6403 | D:5      | Reached skill level 8 in Short Blades
  6434 | D:5      | Noticed Menkaure
  6447 | D:5      | Killed Menkaure
  7036 | D:4      | Slain by an ice beast

Skill      XL: |  1  2  3  4  5  6  7  8 |
---------------+-------------------------+-----
Dodging        | 4 5 6 7 |  7.0
Stealth        | 3 4 5 6 7 |  7.3
Short Blades   | 5 6 7 8 |  8.1
Fighting       | 4 5 6 |  6.0
Armour         | 1 |  1.5

Action                   |  1- 3 |  4- 6 |  7- 9 || total
-------------------------+-------+-------+-------++-------
Melee: Short sword       |    71 |   191 |       ||   262
       Dagger            |       |   114 |   745 ||   859
Invok: Curse Item        |       |       |     1 ||     1
Evoke: Wand              |       |     3 |       ||     3
  Use: Potion            |     1 |     5 |     2 ||     8
       Scroll            |       |     7 |    14 ||    21
 Stab: Sleeping          |     3 |    12 |     5 ||    20
       Distracted        |     1 |       |       ||     1
  Eat: Chunk             |     8 |    14 |    10 ||    32
Armor: Robe              |     5 |    31 |    90 ||   126
       Skin              |       |    10 |       ||    10
       Chain mail        |       |       |    74 ||    74
Dodge: Dodged            |    43 |   210 |   504 ||   757
